 Dungeon Crawl Stone Soup version 0.17.0-23-g0de4337 (webtiles) character file.

805 truemonolith the Thaumaturge (level 7, -5/36 HPs)
             Began as a Deep Elf Conjurer on Nov 11, 2015.
             Was an Initiate of Vehumet.
             Killed from afar by Britaniac's ghost (19 damage)
             ... with a flame tongue
             ... on level 5 of the Dungeon on Nov 13, 2015.
             The game lasted 00:12:50 (5690 turns).

truemonolith the Thaumaturge (Deep Elf Conjurer)    Turns: 5690, Time: 00:12:50

Health: -5/36      AC:  6    Str:  5    XL:     7   Next: 60%
Magic:  14/23      EV: 13    Int: 22    God:    Vehumet [......]
Gold:   145        SH:  0    Dex: 15    Spells: 2 memorised, 24 levels left

rFire  . . .     SeeInvis .     m - +0 dagger (venom)
rCold  . . .     Clarity  .     o - +0 robe
rNeg   . . .     SustAt   .     (no shield)
rPois  .         Gourm    .     c - +2 helmet
rElec  .         Spirit   .     (no cloak)
rCorr  .         Warding  .     (no gloves)
rMut   .         Stasis   .     e - +0 pair of boots
MR     .....                    (no amulet)
Stlth  ++........               (no ring)
                                (no ring)

@: not resistant to hostile enchantments, unstealthy
A: no striking features
a: Renounce Religion


You were on level 5 of the Dungeon.
You worshipped Vehumet.
Vehumet was noncommittal.
You were not hungry.

You visited 1 branch of the dungeon, and saw 5 of its levels.

You collected 145 gold pieces.

Inventory:

Hand Weapons
 m - a +0 dagger of venom (weapon)
Armour
 c - a +2 helmet (worn)
 e - a +0 pair of boots (worn)
 o - a +0 robe (worn)
Jewellery
 g - an uncursed ring of fire
Wands
 n - a wand of slowing (16)
Scrolls
 d - 4 scrolls of identify
 p - a scroll of magic mapping {unknown}
 q - a scroll of teleportation {unknown}
Potions
 a - a potion of brilliance {unknown}
 h - a potion of curing
 i - a potion of agility {unknown}
 j - 3 potions of mutation {unknown}
 k - a potion of flight {unknown}
 r - 2 potions of degeneration {unknown}
Books
 b - a book of Conjurations

   Spells                             Type                      Level
   a - Magic Dart                     Conjuration                  1
   b - Searing Ray                    Conjuration                  2
   c - Dazzling Spray                 Conjuration/Hexes            3
   d - Fulminant Prism                Conjuration/Hexes            4
   e - Iskenderun's Mystic Blast      Conjuration                  4
   f - Iskenderun's Battlesphere      Conjuration/Charms           5
Comestibles
 l - a royal jelly
 s - a beef jerky
 t - a meat ration


   Skills:
 - Level 2.4 Dodging
 - Level 2.4 Stealth
 + Level 11.3 Spellcasting
 - Level 4.3 Conjurations


You had 24 spell levels left.
You knew the following spells:

 Your Spells              Type           Power        Failure   Level  Hunger
a - Magic Dart            Conj           ####         1%          1    None
b - Dazzling Spray        Conj/Hex       ###.....     8%          3    None


Dungeon Overview and Level Annotations

Branches:
Dungeon (5/15)             Temple (0/1) D:5

Altars:
Cheibriados
Kikubaaqudgha
Okawaru
Ru
Vehumet
Zin

Annotations:
D:5 Britaniac's ghost, amateur DEFE


Message History

The flame tongue hits you!
Casting: Dazzling Spray
Confirm with . or Enter, or press ? or * to list all spells.
Aiming: Dazzling Spray
Press: ? - help, Shift-Dir - straight line, f/p - Britaniac's ghost
Aim: Britaniac's ghost, wielding a vampiric weapon (lightly damaged)
The spray of energy hits Britaniac's ghost.
Britaniac's ghost is moderately damaged.
Britaniac's ghost casts a spell at you. The flame tongue hits you!
Casting: Dazzling Spray
Confirm with . or Enter, or press ? or * to list all spells.
Aiming: Dazzling Spray
Press: ? - help, Shift-Dir - straight line, f/p - Britaniac's ghost
Aim: Britaniac's ghost, wielding a vampiric weapon (moderately damaged)
The spray of energy misses Britaniac's ghost.
Britaniac's ghost gestures at you while chanting.
The flame tongue hits you!
Ouch! That really hurt!
You die...

#.......##########
#.##......##.....#
##.##.####.##.#.#.#
##..##.####.##..#..#
#####.#............###..
..≈≈§..#.#.####.##..#..#
.≈≈§§≈.##..####.##.#.#.#
≈§§≈§§≈#.#......##.....#
≈§≈>§§W@################
≈§≈§§≈≈..# .≈≈§§≈...#
..≈§≈....# #...##...#
###. ....# # ##.## #.#


You could see Britaniac's ghost.

Vanquished Creatures
  Duvessa (D:4)
  A phantom (D:3)
  Dowan (D:4)
  2 crimson imps (D:5)
  A centaur skeleton (D:4)
  A giant frog skeleton (D:3)
  An iguana (D:3)
  A hound (D:4)
  A jelly (D:4)
  Jessica (D:3)
  Natasha (thrice) (D:3)
  A worker ant (D:4)
  A hound skeleton (D:4)
  Robin (D:3)
  4 adders
  9 gnolls
  2 oozes (D:1)
  An adder zombie (D:4)
  2 giant geckos
  10 bats
  17 goblins
  13 hobgoblins
  13 jackals
  11 kobolds
  3 quokkas
  3 ball pythons
  2 giant cockroaches
  2 giant newts
  10 rats
119 creatures vanquished.

Vanquished Creatures (others)
  A human (D:3)
1 creature vanquished.

Grand Total: 120 creatures vanquished

Notes
Turn   | Place    | Note
--------------------------------------------------------------
     0 | D:1      | truemonolith the Deep Elf Conjurer began the quest for the Orb.
     0 | D:1      | Reached XP level 1. HP: 10/10 MP: 6/6
     9 | D:1      | Upgraded the game from 0.17.0-18-gaab0e96 to 0.17.0-23-g0de4337
    28 | D:1      | Reached XP level 2. HP: 13/15 MP: 0/9
   504 | D:1      | Reached XP level 3. HP: 19/19 MP: 7/11
   607 | D:1      | Reached skill level 5 in Spellcasting
  1266 | D:2      | Reached XP level 4. HP: 24/24 MP: 7/13
  1403 | D:2      | Reached skill level 6 in Spellcasting
  1517 | D:2      | Found a snail-covered altar of Cheibriados.
  1961 | D:2      | Found a glowing silver altar of Zin.
  1961 | D:2      | Noticed an angel
  2165 | D:3      | Reached skill level 7 in Spellcasting
  2165 | D:3      | Reached XP level 5. HP: 19/28 MP: 10/16
  2379 | D:3      | Noticed Jessica
  2388 | D:2      | Learned a level 2 spell: Searing Ray
  2399 | D:3      | Killed Jessica
  2836 | D:3      | Reached skill level 8 in Spellcasting
  2949 | D:3      | Noticed Natasha
  2952 | D:3      | Noticed Robin
  3011 | D:3      | Noticed a phantom
  3024 | D:3      | Killed a phantom
  3024 | D:3      | Reached skill level 9 in Spellcasting
  3024 | D:3      | Reached XP level 6. HP: 18/32 MP: 2/20
  3184 | D:3      | Killed Natasha
  3404 | D:3      | Killed Robin
  3560 | D:3      | Noticed Natasha
  3563 | D:3      | Killed Natasha
  3574 | D:3      | Noticed Natasha
  3575 | D:3      | Killed Natasha
  3587 | D:3      | Found an ancient bone altar of Kikubaaqudgha.
  3590 | D:3      | Noticed a human
  3592 | D:3      | Killed a human
  3732 | D:3      | Found a radiant altar of Vehumet.
  3786 | D:3      | Became a worshipper of Vehumet
  3857 | D:4      | Noticed Duvessa
  4029 | D:4      | Killed Duvessa
  4029 | D:4      | Reached skill level 10 in Spellcasting
  4032 | D:4      | Noticed Dowan
  4295 | D:4      | Killed Dowan
  4295 | D:4      | Reached XP level 7. HP: 36/36 MP: 11/22
  4385 | D:4      | Found a sacrificial altar of Ru.
  4967 | D:4      | Learned a level 3 spell: Dazzling Spray
  4971 | D:4      | Found an iron altar of Okawaru.
  5242 | D:5      | Entered Level 5 of the Dungeon
  5289 | D:5      | Found a staircase to the Ecumenical Temple.
  5298 | D:5      | Noticed Britaniac's ghost (amateur DEFE)
  5310 | D:4      | Reached skill level 11 in Spellcasting
  5690 | D:5      | Killed from afar by Britaniac's ghost

Action                   |  1- 3 |  4- 6 |  7- 9 || total
-------------------------+-------+-------+-------++-------
Melee: Unarmed           |     1 |       |       ||     1
       Dagger            |       |     4 |       ||     4
 Cast: Magic Dart        |    70 |   149 |    70 ||   289
       Searing Ray       |       |    43 |    10 ||    53
       Dazzling Spray    |       |       |     8 ||     8
  Use: Scroll            |       |     4 |     1 ||     5
       Potion            |       |     1 |       ||     1
  Eat: Chunk             |     1 |     3 |     2 ||     6
       Fruit             |       |     2 |     1 ||     3
       Bread ration      |       |     1 |     1 ||     2
